 Dungeon Crawl Stone Soup version 0.29.0-15-g675c0067aa (webtiles) character file.

Game seed: 14524483938598705583

21282 Zonian the Fighter (level 12, -7/105 HPs)
             Began as a Demonspawn Gladiator on Sept 11, 2022.
             Was an Initiate of Gozag.
             Mangled by a death yak (19 damage)
             ... on level 3 of the Lair of Beasts.
             The game lasted 00:41:06 (28424 turns).

Zonian the Fighter (Demonspawn Gladiator)          Turns: 28424, Time: 00:41:07

Health: -7/105     AC:  8    Str: 14    XL:     12   Next: 52%
Magic:  0/12       EV: 16    Int: 10    God:    Gozag
Gold:   2543       SH:  6    Dex: 20    Spells: 11/11 levels left

rFire   + . .      SeeInvis .   O - +8 trident of the Octopus King {venom, rElec rPois}
rCold   . . .      Faith    .   K - +0 buckler
rNeg    . . .      Spirit   +   b - +0 leather armour
rPois   +          Reflect  .   o - +1 helmet
rElec   +          Harm     .   C - +0 cloak
rCorr   .          Rampage  .   (no gloves)
Will    .....                   (no boots)
Stlth   ++++......              R - amulet of magic regeneration
HPRegen 0.27/turn               s - ring of wizardry
MPRegen 0.66/turn               u - ring of protection from fire

@: gold aura, on berserk cooldown, slowed, very slow
A: hooves 1, rugged brown scales 2, demonic guardian 3, magic shield, magic
regeneration
a: Renounce Religion, Potion Petition, Call Merchant, Bribe Branch


You were on level 3 of the Lair of Beasts.
You worshipped Gozag.
Gozag was most pleased with you.
You visited 3 branches of the dungeon, and saw 15 of its levels.

You collected 2615 gold pieces.
You paid 72 gold pieces to Gozag.

Inventory:

Hand Weapons
 a - a +1 rapier
 d - a +2 dagger of protection
 B - a +4 long sword
 F - a +2 short sword of draining
 O - the +8 trident of the Octopus King (weapon) {venom, rElec rPois}
   (You found it on level 1 of the Lair of Beasts)

   It poisons the flesh of those it strikes.
   rElec:     It insulates you from electricity.
   rPois:     It protects you from poison.
Missiles
 e - 7 javelins (quivered)
 i - 24 poisoned darts
 y - 3 atropa-tipped darts
 I - a throwing net
 Q - 6 boomerangs
Armour
 b - a +0 leather armour (worn)
 c - a +0 helmet
 o - a +1 helmet (worn)
 C - a +0 cloak (worn)
 K - a +0 buckler (worn)
Jewellery
 s - a ring of wizardry (left hand)
 u - a ring of protection from fire (right hand)
 M - a ring of positive energy
 N - a ring of protection from fire
 P - a ring of fire
 R - an amulet of magic regeneration (around neck)
Wands
 h - a wand of iceblast (1)
 x - a wand of charming (14)
 A - a wand of flame (5)
 J - a wand of digging (8)
Scrolls
 m - 3 scrolls of magic mapping
 z - 2 scrolls of butterflies
 S - a scroll of blinking
 U - a scroll of immolation
Potions
 g - a potion of resistance {unknown}
 j - 2 potions of ambrosia {unknown}
 k - 3 potions of degeneration {unknown}
 n - a potion of invisibility {unknown}
 p - 4 potions of cancellation
 q - 2 potions of heal wounds
 r - 3 potions of haste {unknown}
 t - 5 potions of attraction
 v - 2 potions of mutation {unknown}
 w - 3 potions of flight {unknown}
 E - 2 potions of magic {unknown}
 G - 2 potions of brilliance {unknown}
 H - a potion of lignification {unknown}
 L - a potion of might {unknown}


   Skills:
 + Level 11.6 Fighting
 - Level 9.1 Short Blades
 + Level 5.6 Polearms
 - Level 6.1 Throwing
 - Level 8.0 Dodging
 - Level 8.0 Stealth
 - Level 4.0 Shields


You had 11 spell levels left.
You didn't know any spells.
Your spell library contained the following spells:

 Spells                   Type           Power      Damage    Failure   Level
 Beastly Appendage        Tmut           0%         N/A       26%         1
 Foxfire                  Conj/Fire      0%         2x1d4     26%         1
 Magic Dart               Conj           0%         1d3       26%         1
 Sting                    Tmut/Pois      0%         1d3       26%         1
 Summon Small Mammal      Summ           0%         N/A       26%         1
 Call Imp                 Summ           0%         N/A       34%         2
 Ensorcelled Hibernation  Hex/Ice        0%         N/A       34%         2
 Poisonous Vapours        Pois/Air       0%         N/A       34%         2
 Searing Ray              Conj           0%         2d4       34%         2
 Static Discharge         Conj/Air       0%         3-3/arc   34%         2
 Sublimation of Blood     Necr           0%         N/A       34%         2
 Wereblood                Tmut           0%         N/A       34%         2
 Call Canine Familiar     Summ           0%         N/A       56%         3
 Conjure Flame            Conj/Fire      0%         6-21      56%         3
 Inner Flame              Hex/Fire       0%         N/A       56%         3
 Mephitic Cloud           Conj/Pois/Air  0%         N/A       56%         3
 Spider Form              Tmut/Pois      0%         N/A       56%         3
 Stone Arrow              Conj/Erth      0%         3d7       56%         3
 Summon Guardian Golem    Hex/Summ       0%         N/A       56%         3
 Anguish                  Hex/Necr       0%         N/A       91%         4
 Animate Armour           Summ/Erth      0%         N/A       91%         4
 Dispel Undead            Necr           0%         3d6       91%         4
 Flame Wave               Conj/Fire      0%         2d4       91%         4
 Fulminant Prism          Conj/Hex       0%         3d6       91%         4
 Hailstorm                Conj/Ice       0%         3d3       91%         4
 Ice Form                 Ice/Tmut       0%         N/A       91%         4
 Olgreb's Toxic Radiance  Pois           0%         N/A       91%         4
 Sticky Flame             Conj/Fire      0%         2d3       91%         4
 Alistair's Intoxication  Tmut/Pois      0%         N/A       99%         5
 Borgnjor's Vile Clutch   Necr/Erth      0%         N/A       99%         5
 Eringya's Noxious Bog    Tmut/Pois      0%         N/A       100%        6
 Summon Hydra             Summ           0%         N/A       100%        7
 Lehudib's Crystal Spear  Conj/Erth      0%         10d2      100%        8
 Simulacrum               Ice/Necr       Unusable   N/A       N/A         6

Dungeon Overview and Level Annotations

Branches:
Dungeon (11/15)            Temple (1/1) D:4            Lair (3/5) D:11
 Shoals (0/4) Lair:3       Spider (0/4) Lair:3
    Orc: D:9-12

Altars:
Ashenzari
Cheibriados
Dithmenos
Fedhas
Gozag
Hepliaklqana
Kikubaaqudgha
Makhleb
Nemelex Xobeh
Okawaru
Qazlal
Ru
Sif Muna
Trog
Uskayaw
Vehumet
Wu Jian
Xom
Yredelemnul

Annotations:
D:7 2 transporters, CertainDeath's ghost, novice TrTm
D:8 4 transporters
D:11 Harold


Innate Abilities, Weirdness & Mutations

You have large cloven feet.
You are mostly covered in rugged brown scales. (AC +2, +5% HP)
A powerful demonic guardian rushes to your aid.
When hurt, damage is shared between your health and your magic reserves.
You regenerate magic rapidly.


Message History

The dream sheep is moderately wounded.
The death yak completely misses you. The death yak gores you!!
* * * LOW HITPOINT WARNING * * *
A demonic guardian appears!
The dream sheep barely misses you. The death yak gores you!
* * * LOW HITPOINT WARNING * * *
You puncture the death yak! You kick the death yak.
The death yak is heavily wounded.
Unknown command.
You puncture the death yak!
You kick the death yak, but do no damage.
The death yak is heavily wounded.
Your sun demon hits the death yak!!
The death yak is engulfed in flames!
The death yak dies!
The death yak closely misses you. You block the dream sheep's attack.
The death yak gores you.
* * * LOW HITPOINT WARNING * * *
Training target 8.0 for Stealth reached!
Your Stealth skill increases to level 8!
You hit the death yak but do no damage.
The death yak looks as sick as possible!
You kick the death yak.
The death yak is heavily wounded.
Your sun demon hits the death yak!!
The death yak is engulfed in flames!
You block the death yak's attack.
The dream sheep bites you but does no damage.
The death yak gores you!
* * * LOW HITPOINT WARNING * * *
You hit the death yak.
The death yak looks as sick as possible!
The death yak is heavily wounded.
You are no longer berserk.
You are exhausted.
You feel yourself slow down.
Your sun demon hits the death yak but does no damage.
You feel much better. The death yak gores you!!
* * * LOW HITPOINT WARNING * * *
The death yak gores you!!
You die...
Your body crumbles into a pile of gold.

##.#.########## ###
#...........##.
#####.####..#.....^^....
#............Y..^^^^..^.
#....#.P###..Y^....^....
#..####.###.....^^^^.....
##.. ##+###...^^.^..^.^^^
#..##.$3###...YY^.>.Y...
#.##..Y@##......^^^^^..^
#......YYYY...^^^^^.....
#....#..###...^Y.^^.^.^.
#..####P##......Y.....^.
#.P#.######.....Y.......
#.......>...............
#.......................
#.......................
##.............>Y........


You could see 3 death yaks, 2 dream sheep and a friendly sun demon (summoned).

Vanquished Creatures
  Kirke (Lair:3)
  A boulder beetle (Lair:1)
  A death yak (Lair:3)
  3 elephants (Lair:2)
  A black mamba (Lair:1)
  Joseph (D:8)
  An unseen horror (D:10)
  2 rime drakes (Lair:2)
  3 cane toads
  7 komodo dragons
  A troll (D:9)
  A polar bear (Lair:2)
  5 dream sheep (Lair:3)
  A shadow (D:10)
  A wraith (D:10)
  A basilisk (Lair:2)
  A wyvern (D:9)
  20 yaks
  2 steam dragons
  2 hogs
  Menkaure (D:6)
  An acid dragon (D:10)
  4 water moccasins
  An orc warrior (D:9)
  2 black bears
  A sky beast (D:7)
  An ice beast (D:8)
  12 wolves
  An ogre (D:5)
  4 centaurs
  2 phantoms
  3 kobold brigands
  A gnoll sergeant (D:10)
  10 bullfrogs
  A necrophage (D:6)
  6 scorpions
  4 wights
  4 killer bees
  2 vampire bats (Lair:3)
  4 howler monkeys
  A hound (D:4)
  3 orc priests
  2 jellies
  A gnoll bouda (D:9)
  2 iguanas (D:5)
  7 orc wizards
  10 gnolls
  7 adders
  3 shadow imps
  A white imp (D:6)
  An ufetubus (D:4)
  3 worms
  3 dart slugs
  21 orcs
  13 bats
  8 endoplasms
  5 giant cockroaches
  5 goblins
  7 hobgoblins
  5 jackals
  2 quokkas
  7 ball pythons
  5 frilled lizards
  25 kobolds
  A rat (D:1)
269 creatures vanquished.

Vanquished Creatures (collateral kills)
  A two-headed ogre (D:9)
  A death yak (Lair:3)
  10 yaks
  6 wolves
  A bullfrog (D:6)
  A gnoll sergeant (D:11)
  A scorpion (D:5)
  2 killer bees (D:9)
  A hound (D:6)
  An orc priest (D:5)
  2 iguanas (D:6)
  An orc wizard (D:6)
  2 gnolls (D:11)
  4 orcs
  2 bats (Lair:3)
36 creatures vanquished.

Vanquished Creatures (others)
  4 dream sheep (Lair:3)
  2 humans (Lair:3)
  A wolf (Lair:1)
  30 fungi
  31 plants
68 creatures vanquished.

Grand Total: 373 creatures vanquished

Notes
Turn   | Place    | Note
-------+----------+-------------------------------------------
     0 | D:1      | Zonian the Demonspawn Gladiator began the quest for the
                  | Orb.
     0 | D:1      | Reached XP level 1. HP: 16/16 MP: 1/1
   157 | D:1      | Found a faded altar of an unknown god.
   244 | D:1      | Gained mutation: You regenerate magic rapidly. [demonic
                  | ancestry]
   244 | D:1      | Reached XP level 2. HP: 7/22 MP: 2/2
  1752 | D:1      | Gained mutation: You are partially covered in rugged brown
                  | scales. (AC +1, +3% HP) [demonic ancestry]
  1752 | D:1      | Reached XP level 3. HP: 9/28 MP: 3/3
  3502 | D:3      | Gained mutation: You have large cloven feet. [demonic
                  | ancestry]
  3502 | D:3      | Reached XP level 4. HP: 12/35 MP: 4/4
  4641 | D:3      | Reached skill level 3 in Fighting
  4670 | D:3      | Noticed a scorpion
  5069 | D:4      | Noticed a phantom
  5084 | D:3      | Reached XP level 5. HP: 26/42 MP: 5/5
  5228 | D:3      | Killed a phantom
  5578 | D:4      | Noticed a black bear
  5877 | D:4      | Gained mutation: A weak demonic guardian rushes to your
                  | aid. [demonic ancestry]
  5877 | D:4      | Reached XP level 6. HP: 48/48 MP: 6/6
  7101 | D:4      | Found a staircase to the Ecumenical Temple.
  7138 | Temple   | Entered the Ecumenical Temple
  7392 | D:4      | Reached skill level 4 in Fighting
  7777 | D:4      | Found an ancient bone altar of Kikubaaqudgha.
  7793 | D:4      | Gained mutation: A demonic guardian rushes to your aid.
                  | [demonic ancestry]
  7793 | D:4      | Reached XP level 7. HP: 33/55 MP: 7/7
  8235 | D:4      | Found an opulent altar of Gozag.
  8236 | D:4      | Found an iron altar of Okawaru.
  8240 | D:4      | Found a sacrificial altar of Ru.
  8262 | D:4      | Became a worshipper of Gozag Ym Sagoz the Greedy
  8291 | D:5      | Entered Level 5 of the Dungeon
  9535 | D:5      | Found a bloodstained altar of Trog.
  9554 | D:5      | Reached skill level 5 in Fighting
  9554 | D:5      | Reached skill level 5 in Short Blades
  9554 | D:5      | Reached skill level 5 in Dodging
  9554 | D:5      | Reached XP level 8. HP: 43/63 MP: 8/8
 10069 | D:6      | Found a blossoming altar of Fedhas.
 10972 | D:6      | Found a snail-covered altar of Cheibriados.
 11026 | D:6      | Reached skill level 5 in Throwing
 11785 | D:6      | Noticed Menkaure
 11793 | D:6      | Killed Menkaure
 11804 | D:6      | Found a burning altar of Makhleb.
 12488 | D:7      | You fall into a shaft and drop 1 floor!
 12488 | D:8      | Found a transporter.
 12519 | D:8      | Noticed Joseph
 12550 | D:8      | Killed Joseph
 12551 | D:8      | Reached skill level 6 in Fighting
 12551 | D:8      | Gained mutation: When hurt, damage is shared between your
                  | health and your magic reserves. [demonic ancestry]
 12551 | D:8      | Reached XP level 9. HP: 42/71 MP: 9/9
 12893 | D:7      | Found a basalt altar of Yredelemnul.
 12893 | D:7      | Found a sparkling altar of Nemelex Xobeh.
 13068 | D:7      | Identified the ring "Ypacij" {rC+ Will+ Int+7}
 13105 | D:7      | Found a transporter.
 13105 | D:7      | Found a transporter.
 13108 | D:7      | Noticed CertainDeath's ghost (novice TrTm)
 14450 | D:8      | Found a transporter.
 14458 | D:8      | Found a transporter.
 14479 | D:8      | Found a transporter.
 14721 | D:9      | Noticed a two-headed ogre
 14727 | D:9      | Killed a two-headed ogre
 14728 | D:9      | Reached skill level 7 in Fighting
 16307 | D:9      | Reached XP level 10. HP: 50/73 MP: 7/10
 17301 | D:9      | Reached skill level 8 in Fighting
 18130 | D:10     | Entered Level 10 of the Dungeon
 18977 | D:10     | Noticed a cyclops
 18978 | D:10     | Noticed a centaur warrior
 18978 | D:10     | Noticed a centaur warrior
 18987 | D:10     | Noticed a tengu warrior
 18988 | D:10     | Noticed a skeletal warrior
 19022 | D:10     | Reached skill level 1 in Stealth
 19703 | D:10     | Reached skill level 1 in Shields
 20089 | D:10     | Reached skill level 9 in Fighting
 20288 | D:10     | Noticed a harpy
 20617 | D:11     | Noticed a boulder beetle
 20729 | D:11     | Found a staircase to the Lair.
 20803 | D:11     | Noticed Harold
 20805 | Lair:1   | Entered Level 1 of the Lair of Beasts
 21304 | Lair:1   | Gained mutation: You are mostly covered in rugged brown
                  | scales. (AC +2, +5% HP) [demonic ancestry]
 21304 | Lair:1   | Reached XP level 11. HP: 73/93 MP: 11/11
 21584 | Lair:1   | Noticed a boulder beetle
 21772 | Lair:1   | Killed a boulder beetle
 22543 | Lair:1   | Found the +8 trident of the Octopus King {venom, rElec
                  | rPois}
 22582 | Lair:1   | Found a shimmering blue altar of Sif Muna.
 23367 | Lair:2   | Reached skill level 1 in Polearms
 23367 | Lair:2   | Reached skill level 5 in Stealth
 23625 | Lair:2   | Reached skill level 10 in Fighting
 25434 | Lair:3   | Gained mutation: A powerful demonic guardian rushes to your
                  | aid. [demonic ancestry]
 25434 | Lair:3   | Reached XP level 12. HP: 59/103 MP: 12/12
 25481 | Lair:3   | Noticed Kirke
 26201 | Lair:3   | Reached skill level 11 in Fighting
 26909 | Lair:3   | Found a hole to the Spider Nest.
 27865 | Lair:3   | Found a staircase to the Shoals.
 27873 | Lair:3   | Noticed a death yak
 27873 | Lair:3   | Noticed a death yak
 27890 | Lair:3   | Noticed a death yak
 27892 | Lair:3   | Noticed a death yak
 27892 | Lair:3   | Noticed a death yak
 28040 | Lair:3   | Killed Kirke
 28041 | Lair:3   | Reached skill level 5 in Polearms
 28416 | Lair:3   | Killed a death yak
 28421 | Lair:3   | Killed a death yak
 28422 | Lair:3   | HP: 4/157 [death yak (8)]
 28424 | Lair:3   | Mangled by a death yak

Illustrated notes

Levels and vault maps discovered:
D:1:      nzn_arrival_depleted_hourglass, layout_basic,
          chequers_ecumenical_altar_simple_redux
D:2:      layout_basic
D:3:      layout_loops_ring, lightli_corner_chamber
D:4:      layout_rooms, minitemple, lemuel_doored_altar,
          minmay_temple_entry_wispy, minmay_surrounded
D:5:      layout_basic, kennysheep_mini_moat
D:6:      layout_basic, kennysheep_mini, fedhas_altar_1,
          makhleb_heckhound_becter, lemuel_flame_loot_1, uniq_menkaure
D:7:      layout_loops_ring, grunt_temple_overflow_open,
          gammafunk_ghost_gnarly_gnolls, dreamdust_princess_bridge
D:8:      layout_loops_cross, nicolae_transporter_circle, uniq_joseph
D:9:      layout_grid_maze, minmay_misc_feat_pillars, kennysheep_path_1
D:10:     layout_roguey, minivault_12
D:11:     layout_roguey, david_lair_shrubbed, minmay_orc_entry_temple_small,
          uniq_amaemon, uniq_harold
Temple:   eino_temple_lava
Lair:1:   layout_regular_city, basic_altar, cheibrodos_lair_caveside_slide,
          lemuel_fruit_tree, infiniplex_staircase_pool_2
Lair:2:   layout_cellular_growth, infiniplex_staircase_pool, grunt_megastairs_5,
          lemuel_fruit_fields
Lair:3:   layout_regular_city, shoals_dummy_entry, spider_nest_entry_web_field,
          chequers_serial_rivers_micro_a, roderic_batcave,
          chequers_serial_rivers_small_b, st_stairs_8, uniq_kirke

Skill      XL: |  1  2  3  4  5  6  7  8  9 10 11 12 |
---------------+-------------------------------------+-----
Throwing       | 2 3 4 5 6 |  6.1
Dodging        | 3 4 5 6 7 8 |  8.0
Short Blades   | 3 4 5 6 7 8 9 |  9.1
Fighting       | 3 4 5 6 7 9 10 11 | 11.6
Stealth        | 3 6 8 |  8.0
Shields        | 2 4 |  4.0
Polearms       | 3 5 |  5.6

Action                   |  1- 3 |  4- 6 |  7- 9 | 10-12 || total
-------------------------+-------+-------+-------+-------++-------
Melee: Rapier            |   184 |   183 |   266 |       ||   633
       Punch             |     4 |     4 |    12 |     2 ||    22
       Kick              |       |    46 |   144 |   359 ||   549
       Short sword       |       |       |   149 |   771 ||   920
       Trident           |       |       |       |    70 ||    70
Throw: Throwing net      |     3 |     5 |     2 |       ||    10
       Dart              |       |       |     3 |     6 ||     9
Evoke: Wand              |       |       |     2 |     4 ||     6
  Use: Scroll            |       |     6 |     8 |     8 ||    22
       Potion            |       |     1 |     5 |     7 ||    13
 Stab: Held in net/web   |       |     2 |     2 |       ||     4
       Sleeping          |       |       |     4 |     9 ||    13
       Distracted        |       |       |     2 |     4 ||     6
Armor: Leather armour    |    68 |    68 |   107 |   173 ||   416
Dodge: Dodged            |   142 |   123 |   299 |   544 ||  1108
Block: Buckler           |       |       |       |   161 ||   161
